 Dungeon Crawl Stone Soup version 0.30.1-9-gdf580d7c3d (webtiles) character file.

Game seed: 5725895262266244460

50 Ivernyr the Shield-Bearer (level 4, 37/37 HPs)
             Began as a Formicid Fighter on Oct 6, 2023.
             Got out of the dungeon alive.
             The game lasted 00:03:18 (702 turns).

Ivernyr the Shield-Bearer (Formicid Fighter)         Turns: 702, Time: 00:03:19

Health: 37/37      AC:  7    Str: 20    XL:     4   Next: 4%
Magic:  4/4        EV:  9    Int:  8    God:
Gold:   59         SH:  5    Dex: 15    Spells: 3/3 levels left

rFire   . . .        a - +0 long sword
rCold   + . .        c - +0 buckler
rNeg    . . .        b - +0 scale mail
rPois   .            (helmet unavailable)
rElec   .            (no cloak)
rCorr   .            (no gloves)
SInv    +            (no boots)
Will    .....        e - amulet of regeneration Stlth
                     l - ring of protection from cold
HPRegen 1.06/turn    (no ring)
MPRegen 0.09/turn

%: no passive effects
@: no status effects
A: permanent stasis, dig shafts and tunnels, antennae 3, four strong arms
a: Dig, Shaft Self


You escaped.
You visited 1 branch of the dungeon, and saw 2 of its levels.

You collected 59 gold pieces.

Inventory:

Hand Weapons
 a - a +0 long sword (weapon)
Armour
 b - a +0 scale mail (worn)
 c - a +0 buckler (worn)
Jewellery
 e - an amulet of regeneration (around neck)
 l - a ring of protection from cold (left hand)
Scrolls
 i - a scroll of blinking {unknown}
 k - a scroll of enchant armour {unknown}
 m - a scroll of identify {unknown}
Potions
 d - a potion of might
 f - a potion of curing {unknown}
 g - a potion of mutation {unknown}
 h - a potion of cancellation {unknown}
 j - a potion of brilliance {unknown}


   Skills:
 + Level 3.6 Fighting
 * Level 3.0 Long Blades
 + Level 3.7 Armour
 + Level 4.4 Shields


You had 3 spell levels left.
You didn't know any spells.
Your spell library was empty.

Dungeon Overview and Level Annotations

Branches:
Dungeon (2/15)

Altars:

Shops:
D:1 (


Innate Abilities, Weirdness & Mutations

You cannot be hasted, slowed, berserked, paralysed or teleported.
You can dig through walls and to a lower floor.
You have a pair of large antennae on your head. (SInv)
Your four strong arms can wield two-handed weapons with a shield.


Message History

The quokka is moderately wounded.
The quokka bites you.
You barely miss the quokka.
The quokka is moderately wounded.
The quokka bites you.
The quokka bites you but does no damage.
You miss the quokka. You block the quokka's attack.
You hit the quokka.
You kill the quokka!
You see here a quokka corpse.
You start resting.
HP restored.
An endoplasm comes into view.
The endoplasm quivers.
You slash the endoplasm!
You kill the endoplasm!
Found an escape hatch in the ceiling.
A worm comes into view.
Found a scroll labelled EKHLUISHUIPP.
Found 2 poisoned darts.
You slash the worm!
The worm is heavily wounded.
The worm bites you.
You slash the worm!
The worm is severely wounded.
You hit the worm.
You kill the worm!
Your Long Blades skill increases to level 3!
You have reached level 4!
You feel clever.
(D) Dungeon
Where to? (Enter - D:2, ? - help)
What level of the Dungeon? (default 1, ? - help)
There is a stone staircase leading up here.
You climb upwards.
There is a stone staircase leading down here.
There is an open door here.
There is a staircase leading out of the dungeon here.
Are you sure you want to leave the Dungeon?
This will make you lose the game!
You have escaped!

###.#######.########.######.#....
# #.# #.....)...........##......
#.####.#######'#######.#..#....
######.#.#.............#.#..##...
.....#.#.#.###########.#.#.......
.....#.#.#.#......)..#.#.#.....##
.....#.#.#.#.#######.#.#.#)...###
.....#.#.#.#.#.....#.#.#.#....#..
.........#...#..@..#...#...#.....
######.#.#.#.#.....#.#.#.#.......
.......#.#.#.###.###.#.#.#..#....
.......#.#.#.........#.#.#..#....
.......#.#.###########.#.#..#...รท
###.####.#.............#.#..#....
.##.# #.#######'#######.#...#...
.##.# #.................#...#...
.##.########.########.######.....


There were no monsters in sight!

Vanquished Creatures
  An adder (D:2)
  A worm (D:2)
  2 dart slugs
  A ball python (D:2)
  5 bats (D:1)
  4 endoplasms
  A giant cockroach (D:2)
  3 goblins (D:1)
  3 hobgoblins (D:1)
  4 jackals (D:1)
  A quokka (D:2)
  2 frilled lizards (D:2)
  2 kobolds (D:1)
30 creatures vanquished.

Notes
Turn   | Place    | Note
-------+----------+-------------------------------------------
     0 | D:1      | Ivernyr the Formicid Fighter began the quest for the Orb.
     0 | D:1      | Reached XP level 1. HP: 18/18 MP: 1/1
    37 | D:1      | Found Assafu's Antique Weapon Shop.
    50 | D:1      | Reached XP level 2. HP: 21/24 MP: 2/2
   239 | D:1      | Reached XP level 3. HP: 29/29 MP: 3/3
   653 | D:2      | Reached XP level 4. HP: 37/37 MP: 4/4
   702 | D:$      | Got out of the dungeon alive.

Illustrated notes

Levels and vault maps discovered:
D:1:      matt_arrival_refuge, layout_rooms, serial_shops, shop,
          minmay_crystal_room
D:2:      wander_river, layout_rooms, shapermc_ecumenical_altar_ellora,
          nicolae_figureground_sparkle

Skill      XL: |  1  2  3 |
---------------+----------+-----
Long Blades    | 3 |  3.0
Fighting       | |  3.6
Armour         | |  3.7
Shields        | |  4.4

Action                     |  1- 3 |  4- 6 || total
---------------------------+-------+-------++-------
  Melee: Long sword        |   103 |       ||   103
 Armour: Scale mail        |    54 |       ||    54
  Dodge: Dodged            |    73 |       ||    73
  Block: Buckler           |    35 |       ||    35
